 Dungeon Crawl Stone Soup version 0.24-a0-375-g4de66ed42b (webtiles) character file.

Game seed: 16815344610595072165

112 Elric the Skirmisher (level 4, -1/41 HPs)
             Began as a Hill Orc Fighter on May 31, 2019.
             Killed from afar by Natasha (3 damage)
             ... with a magic dart
             ... on level 2 of the Dungeon.
             The game lasted 00:03:19 (1430 turns).

Elric the Skirmisher (Hill Orc Fighter)             Turns: 1430, Time: 00:03:20

Health: -1/41      AC:  7    Str: 19    XL:     4   Next: 95%
Magic:  4/4        EV:  7    Int:  8    God:
Gold:   113        SH:  9    Dex: 10    Spells: 3/3 levels left

rFire    . . .     SeeInvis .   a - +0 war axe
rCold    . . .     Gourm    .   c - +0 shield
rNeg     . . .     Faith    .   b - +0 scale mail
rPois    .         Spirit   .   (no helmet)
rElec    .         Reflect  .   (no cloak)
rCorr    .         Harm     .   (no gloves)
MR       .....                  (no boots)
Stlth    ..........             (no amulet)
HPRegen  0.13/turn              (no ring)
MPRegen  0.09/turn              (no ring)

@: slowed, very slow
A: no striking features
a: no special abilities


You were on level 2 of the Dungeon.
You were hungry.

You visited 1 branch of the dungeon, and saw 2 of its levels.

You collected 113 gold pieces.

Inventory:

Hand Weapons
 a - a +0 war axe (weapon)
Armour
 b - a +0 scale mail (worn)
 c - a +0 shield (worn)
Jewellery
 l - a +4 ring of strength {unknown}
 m - an uncursed ring of see invisible {unknown}
Scrolls
 e - 2 scrolls of remove curse {unknown}
 g - a scroll of fear {unknown}
 h - a scroll of random uselessness {unknown}
 n - a scroll of identify {unknown}
Potions
 d - a potion of might
 i - a potion of haste
 j - a potion of magic {unknown}
 k - 2 potions of brilliance {unknown}
Comestibles
 f - 5 rations


   Skills:
 + Level 4.5 Fighting
 + Level 4.0 Axes
 + Level 4.1 Armour
 + Level 4.1 Shields


You had 3 spell levels left.
You didn't know any spells.
Your spell library was empty.

Dungeon Overview and Level Annotations

Branches:
Dungeon (2/15)

Altars:

Annotations:
D:2 Natasha


Message History

Natasha stares at you and mumbles some strange words.
You feel yourself slow down.
You closely miss Natasha.
Natasha is almost dead.
Natasha stares at you and mumbles some strange words.
The magic dart hits you.
* * * LOW HITPOINT WARNING * * *
Natasha claws you but does no damage. Natasha claws you.
* * * LOW HITPOINT WARNING * * *
Okay, then.
You closely miss Natasha.
Natasha is almost dead.
You block Natasha's attack. Natasha claws you.
* * * LOW HITPOINT WARNING * * *
You block Natasha's attack.
You hit Natasha but do no damage.
Natasha is almost dead.
Natasha casts a spell at you. The magic dart hits you.
You die...

#...### #.#
#####.....# #.#
#.........# #.#
#.###.#.### #.# #.#
#.#.#######.#####
#.###.#............(.
#.##...########...###
#.#.#.#.##........#
#...@.##.#.#####..###
#.#h###.##.# #.....
#.#..#.###.# #.####
#.....####.#####.#
#..#..........##.#
##...#####..h....#
##.## ####.#### #.#
#.# #.# #.#


You could see Natasha.

Vanquished Creatures
  A hound (D:2)
  Natasha (D:2)
  2 adders (D:2)
  2 giant cockroaches (D:2)
  3 goblins (D:1)
  8 hobgoblins
  4 jackals
  A quokka (D:2)
  3 bats
  4 frilled lizards
  8 kobolds
  2 rats
39 creatures vanquished.

Notes
Turn   | Place    | Note
-------+----------+-------------------------------------------
     0 | D:1      | Elric the Hill Orc Fighter began the quest for the Orb.
     0 | D:1      | Reached XP level 1. HP: 19/19 MP: 1/1
   112 | D:1      | Reached XP level 2. HP: 26/27 MP: 2/2
   601 | D:1      | Reached XP level 3. HP: 33/33 MP: 3/3
  1011 | D:2      | Reached XP level 4. HP: 35/40 MP: 4/4
  1093 | D:2      | Noticed Natasha
  1105 | D:2      | Killed Natasha
  1412 | D:2      | Noticed Natasha
  1429 | D:2      | HP: 2/41 [Natasha (1)]
  1430 | D:2      | Killed from afar by Natasha

Levels and vault maps discovered:
D:1:      ncdulo_watergridlock, layout_basic, minmay_tree_intersection,
          grunt_decor_mini_mirrors, grunt_decor_one_mirror
D:2:      layout_loops_ring, first_ration, uniq_natasha

Skill      XL: |  1  2  3  4 |
---------------+-------------+-----
Axes           | 3 4 |  4.0
Fighting       | 4 |  4.5
Armour         | 4 |  4.1
Shields        | 4 |  4.1

Action                   |  1- 3 |  4- 6 || total
-------------------------+-------+-------++-------
Melee: War axe           |    74 |    50 ||   124
  Eat: Chunk             |       |     1 ||     1
Armor: Scale mail        |    34 |    20 ||    54
Dodge: Dodged            |    27 |    12 ||    39
Block: Shield            |    39 |    25 ||    64

Table legend:
 A = Non-vault XP
 B = Vault XP
 C = Vault XP percentage of total XP
 D = Non-vault monster count
 E = Vault monster count
 F = Vault count percentage of total count
                 A         B        C        D         E       F
            +---------+---------+-------+---------+---------+-------
      Total |     126 |      35 |  21.7 |      38 |       1 |   2.6
            +---------+---------+-------+---------+---------+-------
        D:1 |      38 |       0 |   0.0 |      22 |       0 |   0.0
        D:2 |      88 |      35 |  28.5 |      16 |       1 |   5.9
            +---------+---------+-------+---------+---------+-------
